 Dungeon Crawl Stone Soup version 0.29-a0-813-g4a14ea37d6 (webtiles) character file.

Game seed: 10866506109247894763

116 gobodom the Chopper (level 4, 0/34 HPs)
             Began as a Demonspawn Gladiator on July 5, 2022.
             Killed from afar by an electric eel (11 damage)
             ... with a bolt of electricity
             ... on level 3 of the Dungeon.
             The game lasted 00:06:48 (2259 turns).

gobodom the Chopper (Demonspawn Gladiator)          Turns: 2259, Time: 00:06:49

Health: 0/34       AC:  8    Str: 21    XL:     4   Next: 69%
Magic:  4/4        EV: 12    Int:  9    God:
Gold:   93         SH:  4    Dex: 14    Spells: 3/3 levels left

rFire   . . .      SeeInvis .   a - +0 war axe
rCold   + . .      Faith    .   (no shield)
rNeg    . . .      Spirit   .   i - +0 ring mail
rPois   .          Reflect  .   (helmet restricted)
rElec   .          Harm     .   (no cloak)
rCorr   .          Rampage  .   l - +2 pair of gloves "Iggicuokk" {Str+4 Slay+3}
Will    .....                   (no boots)
Stlth   +.........              (no amulet)
HPRegen 0.11/turn               v - ring of protection from cold
MPRegen 0.09/turn               (no ring)

@: no status effects
A: horns 1, condensation shield
a: no special abilities


You were on level 3 of the Dungeon.
You visited 1 branch of the dungeon, and saw 3 of its levels.

You collected 93 gold pieces.

Inventory:

Hand Weapons
 a - a +0 war axe (weapon)
 r - a +0 dagger of venom
 s - a +1 whip of draining
Missiles
 d - 3 throwing nets (quivered)
 e - a javelin
Armour
 b - a +0 leather armour
 i - a +0 ring mail (worn)
 k - a +0 chain mail
 l - the +2 pair of gloves "Iggicuokk" (worn) {Str+4 Slay+3}
   (You found it on level 2 of the Dungeon)

   Str:       It affects your strength (+4).
   Slay:      It affects your accuracy & damage with ranged weapons and melee
   (+3).
 q - a +0 scale mail
Jewellery
 v - a ring of protection from cold (left hand)
Wands
 f - a wand of flame (7)
Scrolls
 g - a scroll of enchant armour {unknown}
 m - a scroll of enchant weapon {unknown}
 n - 3 scrolls of teleportation {unknown}
 o - 2 scrolls of immolation {unknown}
Potions
 c - a potion of cancellation {unknown}
 j - a potion of resistance
 p - a potion of magic
 t - a potion of curing
 u - a potion of flight {unknown}


   Skills:
 + Level 2.4 Fighting
 + Level 4.3 Axes
 + Level 1.8 Throwing
 + Level 1.0 Armour
 + Level 3.0 Dodging


You had 3 spell levels left.
You didn't know any spells.
Your spell library contained the following spells:

 Spells                   Type           Power      Damage    Failure   Level
 Ensorcelled Hibernation  Hex/Ice        0%         N/A       71%         2
 Confusing Touch          Hex            0%         N/A       90%         3
 Spider Form              Tmut/Pois      0%         N/A       90%         3
 Airstrike                Air            0%         0-1+      100%        4
 Anguish                  Hex/Necr       0%         N/A       100%        4
 Summon Lightning Spire   Summ/Air       0%         N/A       100%        4
 Lightning Bolt           Conj/Air       0%         1d11      100%        5
 Yara's Violent Unravell  Hex/Tmut       0%         3d3       100%        5
 Enfeeble                 Hex            0%         N/A       100%        7


Dungeon Overview and Level Annotations

Branches:
Dungeon (3/15)

Altars:

Shops:
D:2 *   D:3 *

Annotations:
D:3 1 transporter


Innate Abilities, Weirdness & Mutations

You have a pair of small horns on your head.
A meltable shield of frost defends you. (SH +4)


Message History

Things that are here:
a +0 hand axe; a +0 hand axe; an adder corpse You see here a +0 war axe.
An adder comes into view.
The adder hisses angrily.
The adder bites you but does no damage.
You slash the adder! You punch the adder.
You kill the adder!
n - 3 scrolls labelled TUAT SUCZIJOFO (gained 1)
Found 4 stones.
Found a transporter.
c - a purple potion You see here 4 stones.
There is a transporter here.
You enter the transporter and appear at another place.
f - a wand of flame (7)
There are no items here.
As you open the door, it creaks loudly!
The electric eel shoots out a bolt of lightning at you!
The bolt of electricity misses you.
There is an open door here.
You barely miss the electric eel.
The electric eel shoots out a bolt of lightning at you!
The bolt of electricity misses you. The bolt of electricity hits you!
The bolt of electricity hits the electric eel.
The electric eel completely resists.
You barely miss the electric eel.
The electric eel shoots out a bolt of lightning at you!
The bolt of electricity hits you!
The bolt of electricity misses the electric eel.
The bolt of electricity hits the electric eel.
The electric eel completely resists.
The electric eel shoots out a bolt of lightning at you!
The bolt of electricity hits you!
The bolt of electricity hits the electric eel.
The electric eel completely resists.
The bolt of electricity hits the electric eel.
The electric eel completely resists.
The bolt of electricity misses you.
The electric eel shoots out a bolt of lightning at you!
The bolt of electricity hits you!
You die...

##.#### #.##..#..................
......# #.##..###(....##.##.###.#
......# #.##.....####.......###.#
......###....####................
............................###.#
......#####.....................#
......#####.###############......
..........#.#8P#S≈≈≈≈≈≈#P8#......
##.######..(#..#@.S≈≈PP#..#......
#.# #..©#©.'..≈⌠≈≈≈+[©#©..... #.
##..#..#..≈≈≈≈≈#..#...... #.
##.#8P#S≈≈≈≈≈≈#P8#......
#.###############.##.##
#........[.....!..##.#
############....####.# ####.#
#.## #.# #...


You could see 3 electric eels.

Vanquished Creatures
  Robin (D:3)
  4 adders
  A dart slug (D:1)
  5 orcs (D:3)
  A bat (D:2)
  6 endoplasms
  2 giant cockroaches
  11 goblins
  5 hobgoblins
  4 jackals (D:3)
  2 quokkas
  5 ball pythons
  A frilled lizard (D:2)
  4 kobolds
  5 rats
57 creatures vanquished.

Notes
Turn   | Place    | Note
-------+----------+-------------------------------------------
     0 | D:1      | gobodom the Demonspawn Gladiator began the quest for the
                  | Orb.
     0 | D:1      | Reached XP level 1. HP: 16/16 MP: 1/1
   329 | D:1      | Reached skill level 3 in Axes
   329 | D:1      | Gained mutation: A meltable shield of frost defends you.
                  | (SH +4) [demonic ancestry]
   329 | D:1      | Reached XP level 2. HP: 18/22 MP: 2/2
   724 | D:2      | Identified the +2 pair of gloves "Iggicuokk" {Str+4 Slay+3}
   923 | D:2      | Reached XP level 3. HP: 18/27 MP: 3/3
  1071 | D:2      | Found a faded altar of an unknown god.
  1123 | D:2      | Found Nuen's General Store.
  1809 | D:3      | Noticed Robin
  1820 | D:3      | Killed Robin
  1821 | D:3      | Gained mutation: You have a pair of small horns on your
                  | head. [demonic ancestry]
  1821 | D:3      | Reached XP level 4. HP: 28/34 MP: 4/4
  1833 | D:3      | Reached skill level 4 in Axes
  2016 | D:3      | Found a transporter.
  2031 | D:3      | Found Kammups's General Store.
  2189 | D:3      | Reached skill level 1 in Armour
  2243 | D:3      | Found a transporter.
  2259 | D:3      | Killed from afar by an electric eel

Illustrated notes

Levels and vault maps discovered:
D:1:      scummos_arrival_simple_fountains, layout_rooms
D:2:      layout_loops_corners, nicolae_ecumenical_lake_church, serial_shops,
          shop
D:3:      gammafunk_steamed_eel, layout_loops_ring, trog_wizard, serial_shops,
          shop, kennysheep_generic_room_8, uniq_robin

Skill      XL: |  1  2  3  4 |
---------------+-------------+-----
Axes           | 3 4 |  4.3
Dodging        | 3 |  3.0
Armour         | 1 |  1.0
Fighting       | |  2.4
Throwing       | |  1.8

Action                   |  1- 3 |  4- 6 || total
-------------------------+-------+-------++-------
Melee: War axe           |    86 |    26 ||   112
       Headbutt          |       |     2 ||     2
       Punch             |       |     1 ||     1
  Use: Scroll            |       |     3 ||     3
Armor: Leather armour    |     4 |       ||     4
       Ring mail         |    25 |    10 ||    35
Dodge: Dodged            |    46 |    13 ||    59
Block: Other             |    12 |     4 ||    16

Table legend: (Time is in decaauts)
 A = Elapsed time spent in this place.
 B = Non-inter-level travel time spent in this place.
 C = Inter-level travel time spent in this place.
 D = Time resting spent in this place.
 E = Time spent auto-exploring this place.
 F = Levels seen in this place.
 G = Mean time per level.
                   A        B        C        D        E       F      G
               +--------+--------+--------+--------+--------+-----+--------+
         Total |   2293 |   2225 |     68 |      0 |   1709 |   3 |  764.3 |
       Dungeon |   2293 |   2225 |     68 |      0 |   1709 |   3 |  764.3 |
               +--------+--------+--------+--------+--------+-----+--------+

Top non-repeatable levels by time:
     D:2: 1137 daAuts
     D:1: 692 daAuts
     D:3: 463 daAuts
